 Dungeon Crawl Stone Soup version 0.27.1-34-g3ba077fa99 (webtiles) character file.

Game seed: 4479005225425258222

2940 boopmooplesden the Cleaver (level 9, -1/79 HPs)
             Began as a Minotaur Fighter on Jan 18, 2022.
             Was a Priest of Okawaru.
             Slain by Harold (22 damage)
             ... on level 7 of the Dungeon.
             The game lasted 00:07:26 (6277 turns).

boopmooplesden the Cleaver (Minotaur Fighter)       Turns: 6277, Time: 00:07:26

Health: -1/79      AC: 10    Str: 24    XL:     9   Next: 51%
Magic:  7/8        EV:  9    Int:  5    God:    Okawaru [***...]
Gold:   332        SH: 11    Dex: 10    Spells: 8/8 levels left

rFire    . . .     SeeInvis .   a - +0 war axe (venom)
rCold    . . .     Faith    .   c - +0 kite shield
rNeg     . . .     Spirit   .   b - +0 scale mail
rPois    .         Reflect  .   (helmet restricted)
rElec    +         Harm     .   (no cloak)
rCorr    .         Rampage  .   n - +1 pair of gloves "Oxteohir" {rElec}
Will     .....                  (no boots)
Stlth    ..........             (no amulet)
HPRegen  0.23/turn              (no ring)
MPRegen  0.11/turn              (no ring)

@: marked
A: horns 2, retaliatory headbutt
a: Renounce Religion, Heroism


You were on level 7 of the Dungeon.
You worshipped Okawaru.
Okawaru was most pleased with you.
You visited 2 branches of the dungeon, and saw 8 of its levels.

You collected 332 gold pieces.

Inventory:

Hand Weapons
 a - a +0 war axe of venom (weapon)
Missiles
 i - 20 poisoned darts (quivered)
 l - 18 boomerangs
Armour
 b - a +0 scale mail (worn)
 c - a +0 kite shield (worn)
 n - the +1 pair of gloves "Oxteohir" (worn) {rElec}
   (You found it on level 4 of the Dungeon)

   rElec:     It insulates you from electricity.
Jewellery
 j - an amulet of regeneration
 r - a +6 ring of intelligence
Wands
 q - a wand of flame (15)
 w - a wand of digging (5)
Scrolls
 g - 3 scrolls of teleportation
 k - 7 scrolls of identify
 m - a scroll of fear
 p - 2 scrolls of magic mapping
Potions
 d - a potion of might
 e - a potion of cancellation {unknown}
 f - a potion of heal wounds
 h - a potion of flight {unknown}
 o - a potion of haste {unknown}
 s - a potion of magic {unknown}
 v - a potion of resistance {unknown}
 x - a potion of mutation {unknown}


   Skills:
 + Level 7.5 Fighting
 + Level 10.2 Axes
 + Level 0.3 Throwing
 + Level 7.7 Armour
 + Level 3.7 Dodging
 + Level 1.0 Stealth
 + Level 7.1 Shields
 + Level 0.1 Invocations


You had 8 spell levels left.
You didn't know any spells.
Your spell library contained the following spells:

 Spells                   Type           Power      Damage    Failure   Level
 Conjure Flame            Conj/Fire      0%         6-21      100%        3
 Ignite Poison            Fire/Tmut/Pois 0%         N/A       100%        3
 Sticky Flame             Conj/Fire      0%         2d3       100%        4


Dungeon Overview and Level Annotations

Branches:
Dungeon (7/15)             Temple (1/1) D:4

Altars:
Ashenzari
Dithmenos
Hepliaklqana
Kikubaaqudgha
Makhleb
Nemelex Xobeh
Okawaru
Qazlal
Ru
Sif Muna
Trog
Uskayaw
Vehumet
Wu Jian
Xom
Yredelemnul
The Shining One

Annotations:
D:7 Harold


Innate Abilities, Weirdness & Mutations

You have a pair of horns on your head.
You reflexively headbutt those who attack you in melee.


Message History

You hit the ice beast but do no damage. You block the ice beast's attack.
You slash the ice beast! Your headbutt misses the ice beast.
The ice beast is heavily wounded.
Harold hits you from afar with a +0 halberd.
You completely miss the ice beast.
The ice beast is heavily wounded.
The ice beast hits you but does no damage.
Harold hits you but does no damage.
You closely miss the ice beast. You headbutt the ice beast.
The ice beast is heavily wounded.
The ice beast hits you but does no damage.
Harold hits you from afar with a +0 halberd!
You slash the ice beast!
The ice beast is poisoned.
You headbutt the ice beast.
You kill the ice beast!
Okawaru accepts your kill.
A bullfrog comes into view.
You block Harold's attack.
The bullfrog swells and bulges.
Harold casts a spell at you. The mark upon you grows brighter.
You hit Harold but do no damage.
Harold looks even sicker.
Harold is heavily wounded.
You block Harold's attack.
You hit Harold.
Harold looks as sick as possible!
You headbutt Harold, but do no damage.
Harold is heavily wounded.
The bullfrog hits you.
You hit Harold but do no damage.
Harold looks as sick as possible!
Harold is heavily wounded.
You barely miss the bullfrog. You block Harold's attack.
The bullfrog hits you but does no damage.
You slash Harold!
Harold looks as sick as possible!
You headbutt Harold, but do no damage.
Harold is severely wounded.
You slice the bullfrog!!
You feel like a meek peon again. The bullfrog hits you!
* * * LOW HITPOINT WARNING * * *
Harold hits you with a +0 halberd!!
You die...

...... ######## #......
#......# ##.......
#......#####........
#................... #......#
##........ #......#
##......... #
#......###$.##...... ###
#......F@@.## #..... #.. ##
#......##### ##### ##..
...##...#### #####(..
......#.##############......#
........................#.###
.....#..#########..##...#.#
.....#..# #.##†.###.# ....
#..# ###....###..# #.....
#..#######....#####.##


You could see Harold (extremely poisoned) and a bullfrog.

Vanquished Creatures
  A troll (D:6)
  Sigmund (D:2)
  A wyvern (D:6)
  Menkaure (D:5)
  2 water moccasins (D:7)
  2 ice beasts
  An orc warrior (D:5)
  A necrophage (D:6)
  An ogre (D:6)
  2 centaurs (D:6)
  A kobold brigand (D:6)
  5 scorpions
  A water moccasin zombie (D:6)
  A wyvern zombie (D:6)
  3 wights (D:7)
  A howler monkey (D:6)
  5 jellies
  4 hounds
  4 orc priests
  Natasha (twice) (D:4)
  2 iguanas
  5 orc wizards
  A hound zombie (D:5)
  5 adders
  An ufetubus (D:3)
  3 adder skeletons (D:4)
  A worm (D:3)
  5 dart slugs
  32 orcs
  6 ball pythons
  5 endoplasms
  3 giant cockroaches
  8 goblins
  5 hobgoblins
  2 jackals (D:1)
  8 kobolds
  2 quokkas
  3 bats
  5 frilled lizards
  7 rats
149 creatures vanquished.

Notes
Turn   | Place    | Note
-------+----------+-------------------------------------------
     0 | D:1      | boopmooplesden the Minotaur Fighter began the quest for the
                  | Orb.
     0 | D:1      | Reached XP level 1. HP: 19/19 MP: 0/0
   104 | D:1      | Reached XP level 2. HP: 21/27 MP: 1/1
   353 | D:1      | Found a faded altar of an unknown god.
   525 | D:2      | Reached XP level 3. HP: 19/33 MP: 2/2
   532 | D:2      | Reached skill level 3 in Axes
   545 | D:2      | Noticed Sigmund
   554 | D:2      | Killed Sigmund
   555 | D:2      | Reached skill level 4 in Axes
   555 | D:2      | Reached skill level 1 in Dodging
   555 | D:2      | Reached XP level 4. HP: 15/41 MP: 3/3
   555 | D:2      | Reached XP level 5. HP: 18/47 MP: 4/4
  1545 | D:3      | Found a sacrificial altar of Ru.
  1545 | D:3      | Found a stormy altar of Qazlal.
  1546 | D:3      | Found a sparkling altar of Nemelex Xobeh.
  1711 | D:3      | Found a shimmering altar of Xom.
  2388 | D:4      | Reached XP level 6. HP: 53/53 MP: 5/5
  2419 | D:4      | Found a staircase to the Ecumenical Temple.
  2422 | D:4      | Reached skill level 5 in Axes
  2563 | D:4      | Found a hide-covered altar of Uskayaw.
  2636 | D:4      | Noticed Natasha
  2641 | D:4      | Identified the +1 pair of gloves "Oxteohir" {rElec}
  2645 | D:4      | Killed Natasha
  2768 | D:4      | Reached skill level 5 in Armour
  2772 | D:4      | Found a burning altar of Makhleb.
  2967 | D:4      | Noticed Natasha
  2972 | D:4      | Killed Natasha
  2985 | Temple   | Entered the Ecumenical Temple
  3000 | Temple   | Became a worshipper of Warmaster Okawaru
  3094 | D:5      | Entered Level 5 of the Dungeon
  3103 | D:5      | Reached skill level 6 in Axes
  3129 | D:5      | Reached skill level 5 in Shields
  3139 | D:5      | Reached XP level 7. HP: 30/60 MP: 6/6
  3559 | D:5      | Reached skill level 5 in Fighting
  3655 | D:5      | Reached skill level 7 in Axes
  3966 | D:5      | Reached * piety under Okawaru
  4088 | D:5      | Noticed Menkaure
  4093 | D:5      | Killed Menkaure
  4094 | D:5      | Reached XP level 8. HP: 35/69 MP: 7/7
  4455 | D:5      | Found a glowing golden altar of the Shining One.
  4591 | D:6      | Reached skill level 8 in Axes
  4883 | D:6      | Reached ** piety under Okawaru
  5057 | D:6      | Reached skill level 9 in Axes
  5087 | D:6      | HP: 2/70 [wyvern zombie (5)]
  5088 | D:6      | Noticed a troll
  5361 | D:6      | Reached XP level 9. HP: 72/78 MP: 8/8
  5650 | D:6      | Killed a troll
  5650 | D:6      | Reached *** piety under Okawaru
  5824 | D:7      | Reached skill level 10 in Axes
  5824 | D:7      | Reached skill level 1 in Stealth
  6257 | D:7      | Noticed Harold
  6277 | D:7      | Slain by Harold

Illustrated notes

Levels and vault maps discovered:
D:1:      dpeg_arrival_rooms_c, layout_rooms, ebering_ecumenical_altar_rust
D:2:      layout_basic, uniq_sigmund
D:3:      layout_loops_cross, nicolae_overflow_quartered_altars,
          minmay_misc_feat_tiny
D:4:      layout_loops_ring, mainiacjoe_overflow_alcove_2,
          makhleb_heckhound_becter, temple_doors_e, uniq_natasha
D:5:      layout_rooms, lemuel_coloured_pillars_altar, uniq_menkaure
D:6:      layout_cave_pools, grunt_potential
D:7:      layout_rooms, uniq_harold
Temple:   cyrus_circular_temple

Skill      XL: |  1  2  3  4  5  6  7  8  9 |
---------------+----------------------------+-----
Fighting       | 4 5 6 7 |  7.5
Armour         | 4 5 6 7 |  7.7
Shields        | 4 5 6 7 |  7.1
Axes           | 4 6 7 9 10 | 10.2
Dodging        | 1 2 3 |  3.7
Stealth        | 1 |  1.0
Throwing       | |  0.3
Invocations    | |  0.1

Action                   |  1- 3 |  4- 6 |  7- 9 || total
-------------------------+-------+-------+-------++-------
Melee: War axe           |    60 |   102 |   229 ||   391
       Headbutt          |     8 |    15 |    48 ||    71
Throw: Dart              |       |    10 |       ||    10
Invok: Heroism           |       |       |     3 ||     3
  Use: Scroll            |     2 |     4 |     4 ||    10
       Potion            |       |       |     1 ||     1
 Stab: Distracted        |       |     1 |       ||     1
Armor: Scale mail        |    40 |    40 |    91 ||   171
Dodge: Dodged            |    27 |    27 |    87 ||   141
Block: Kite shield       |    30 |    65 |   130 ||   225
